 Dungeon Crawl Stone Soup version 0.30-b1-2-g02819fbbbe (webtiles) character file.

Game seed: 2088242484196362312

1405525 raph the Metallomancer (level 27, 168/168 HPs)
             Began as a Gargoyle Earth Elementalist on Dec 21, 2023.
             Was the Champion of Vehumet.
             Escaped with the Orb
             ... and 3 runes on Dec 22, 2023!
             The game lasted 03:24:18 (100742 turns).

raph the Metallomancer (GrEE)                     Turns: 100742, Time: 03:24:19

Health: 168/168    AC: 41    Str: 15    XL:     27
Magic:  23/63      EV: 17    Int: 30    God:    Vehumet [******]
Gold:   1398       SH: 12    Dex: 13    Spells: 6/63 levels left

rFire   + + .        a - +3 Elemental Staff {rElec rF+ rC+ AC+3}
rCold   + + +        j - +2 buckler {rC+}
rNeg    + + .        F - +4 skin of Zhor {*Englaciate rC+++ SInv}
rPois   ∞            t - +2 helmet {Int+3}
rElec   +            R - +2 cloak
rCorr   .            d - +2 pair of gloves
SInv    +            m - +1 pair of boots of Ru's Outrage {rN+ MP+9 Dex+3}
Will    ++...        M - amulet of reflection
Stlth   ++           z - ring of fire
HPRegen 0.48/turn    r - ring of magical power
MPRegen 0.38/turn

%: reflection
@: flying, studying 4 skills
A: sickness immunity, AC +20, big wings, negative energy resistance 1,
electricity resistance, torment resistance 1, petrification resistance,
iridescent scales 1, cold resistance 1, deformed body, passive freeze, no potion
heal 1, MP-powered wands
0: Orb of Zot
}: 3/15 runes: serpentine, barnacled, slimy
a: Renounce Religion


You escaped.
You worshipped Vehumet.
Vehumet was exalted by your worship.
You visited 10 branches of the dungeon, and saw 51 of its levels.
You visited the Abyss 1 time.
You also visited: Sewer and Ice Cave.

You collected 7924 gold pieces.
You spent 6526 gold pieces at shops.

Inventory:

Hand Weapons
 a - the +3 Elemental Staff (weapon) {rElec rF+ rC+ AC+3}
   (You found it on level 5 of the Pits of Slime)

   It enhances your fire, ice, earth and air magic.
   AC:        It affects your AC (+3).
   rF:        It protects you from fire.
   rC:        It protects you from cold.
   rElec:     It insulates you from electricity.
Missiles
 S - 7 throwing nets
Armour
 d - a +2 pair of gloves (worn)
 j - a +2 buckler of cold resistance (worn)
 m - the +1 pair of boots of Ru's Outrage (worn) {rN+ MP+9 Dex+3}
   (You found it on level 11 of the Dungeon)

   Dex:       It affects your dexterity (+3).
   rN:        It protects you from negative energy.
   MP:        It affects your magic capacity (+9).
 t - a +2 helmet of intelligence (worn)
 F - the +4 skin of Zhor (worn) {*Englaciate rC+++ SInv}
   (You found it on level 1 of the Lair of Beasts)

   *Englaciate: It radiates cold, occasionally slowing all nearby creatures who
   are not resistant to cold.
   rC:        It renders you almost immune to cold.
   SInv:      It lets you see invisible.
 R - a +2 cloak (worn)
Magical Staves
 b - the staff of conjuration "Viengod" {rN+ Str+4 Int+3}
   (You found it on level 3 of the Elven Halls)

   [staff of conjuration]

   Base accuracy: +5 Base damage: 5 Base attack delay: 1.2 This weapon's minimum
   attack delay (0.6) is reached at skill level 12.
   Str:       It affects your strength (+4).
   Int:       It affects your intelligence (+3).
   rN:        It protects you from negative energy.
   It falls into the 'Staves' category.
   It is a one-handed weapon.
Jewellery
 o - the amulet of Nihilism {Regen+ Str+3}
   (You took it off a deep elf demonologist on level 3 of the Elven Halls)

   [amulet of regeneration]

   Str:       It affects your strength (+3).
   Regen:     It increases your rate of health regeneration.
 q - a ring of wizardry
 r - a ring of magical power (right hand)
 v - a +4 ring of protection
 w - a ring of positive energy
 z - a ring of fire (left hand)
 G - the ring "Takumiqo" {Fly Dex+5 Slay+4}
   (You found it on level 1 of the Depths)

   [ring of slaying]

   Dex:       It affects your dexterity (+5).
   Slay:      It affects your accuracy & damage with ranged weapons and melee
   (+4).
   Fly:       It grants you flight.
 L - a +4 ring of protection
 M - an amulet of reflection (around neck)
 T - a ring of magical power
Wands
 f - a wand of mindburst (14)
 k - a wand of polymorph (6)
 u - a wand of flame (89)
 A - a wand of charming (71)
 H - a wand of light (26)
 I - a wand of iceblast (38)
 Q - a wand of digging (15)
Scrolls
 e - 5 scrolls of silence
 l - 24 scrolls of teleportation
 x - 10 scrolls of immolation
 y - a scroll of amnesia
 B - 12 scrolls of fog
 D - 5 scrolls of blinking
 K - 6 scrolls of poison
 P - 7 scrolls of fear
 W - 3 scrolls of butterflies
Potions
 c - 6 potions of resistance
 g - 12 potions of curing
 h - 3 potions of cancellation
 i - 5 potions of berserk rage
 p - 7 potions of haste
 s - 2 potions of ambrosia
 E - 7 potions of brilliance
 N - 9 potions of heal wounds
 O - 9 potions of mutation
 V - 8 potions of might
 Y - a potion of magic
Miscellaneous
 n - a phial of floods
 J - a phantom mirror
 U - a tin of tremorstones (2/2)
 X - a lightning rod (4/4)


   Skills:
 + Level 16.2 Fighting
 - Level 10.9 Staves
 + Level 12.3 Dodging
 - Level 12.9 Stealth
 - Level 5.0 Shields
 + Level 18.5 Spellcasting
 + Level 22.1 Conjurations
 - Level 9.5 Summonings
 - Level 3.8 Translocations
 - Level 0.7 Transmutations
 + Level 16.1 Fire Magic
 + Level 23.0 Earth Magic
 - Level 11.1 Evocations


You had 6 spell levels left.
You knew the following spells:

 Your Spells              Type           Power      Damage    Failure   Level
a - Sandblast             Erth           100%       2d20      0%          1
b - Passwall              Tmut/Erth      82%        N/A       1%          2
c - Stone Arrow           Conj/Erth      100%       3d13      0%          3
d - Iskenderun's Battles  Conj           100%       2d15      0%          5
e - Iskenderun's Mystic   Conj/Tloc      82%        2d16      1%          4
f - Sticky Flame          Conj/Fire      100%       2d11      0%          4
g - Shatter               Erth           64%        3d48*     4%          9
h - Spellforged Servitor  Conj/Summ      44%        N/A       1%          7
i - Ignition              Fire           68%        3d18      4%          8
j - Fireball              Conj/Fire      72%        3d27      0%          5
k - Lehudib's Crystal Sp  Conj/Erth      64%        10d15     1%          8
l - Apportation           Tloc           100%       N/A       1%          1

Your spell library contained the following spells:

 Spells                   Type           Power      Damage    Failure   Level
 Fire Storm               Conj/Fire      72%        8d18      19%         9
 Foxfire                  Conj/Fire      100%       2x1d9     0%          1
 Kiss of Death            Conj/Necr      100%       2d13      0%          1
 Shock                    Conj/Air       100%       1d9       0%          1
 Momentum Strike          Conj/Tloc      100%       3d10      0%          2
 Flame Wave               Conj/Fire      100%       2d21      0%          4
 Lee's Rapid Deconstruct  Erth           64%        3d29*     0%          5
 Beastly Appendage        Tmut           64%        N/A       1%          1
 Freeze                   Ice            100%       1d10      1%          1
 Necrotise                Necr           100%       1d9       1%          1
 Slow                     Hex            100%       N/A       1%          1
 Sting                    Tmut/Pois      100%       1d8       1%          1
 Summon Small Mammal      Summ           100%       N/A       1%          1
 Blink                    Tloc           100%       N/A       1%          2
 Lesser Beckoning         Tloc           100%       N/A       1%          2
 Static Discharge         Conj/Air       100%       2-7/arc   1%          2
 Wereblood                Tmut           32%        N/A       1%          2
 Call Canine Familiar     Summ           71%        N/A       1%          3
 Dazzling Flash           Conj/Hex       100%       N/A       1%          3
 Frozen Ramparts          Ice            82%        1d13      1%          3
 Gell's Gravitas          Tloc           50%        N/A       1%          3
 Ignite Poison            Fire/Tmut/Pois 95%        N/A       1%          3
 Inner Flame              Hex/Fire       100%       N/A       1%          3
 Summon Guardian Golem    Hex/Summ       54%        N/A       1%          3
 Teleport Other           Tloc           50%        N/A       1%          3
 Volatile Blastmotes      Fire/Tloc      100%       2d18      1%          3
 Fulminant Prism          Conj/Hex       38%        3d17      1%          4
 Leda's Liquefaction      Hex/Erth       49%        N/A       1%          4
 Petrify                  Tmut/Erth      99%        N/A       1%          4
 Arcjolt                  Conj/Air       48%        1d58      1%          5
 Borgnjor's Vile Clutch   Necr/Erth      49%        N/A       1%          5
 Irradiate                Conj/Tmut      38%        3d24      1%          5
 Conjure Ball Lightning   Conj/Air       48%        3x3d17    1%          6
 Iron Shot                Conj/Erth      64%        9d12      1%          6
 Starburst                Conj/Fire      72%        6d19      1%          6
 Ensorcelled Hibernation  Hex/Ice        82%        N/A       2%          2
 Portal Projectile        Hex/Tloc       78%        N/A       2%          3
 Vhi's Electric Charge    Tloc/Air       100%       N/A       2%          3
 Summon Ice Beast         Ice/Summ       71%        N/A       2%          4
 Summon Lightning Spire   Summ/Air       71%        N/A       2%          4
 Manifold Assault         Tloc           50%        N/A       3%          4
 Passage of Golubria      Tloc           50%        N/A       3%          4
 Summon Forest            Summ/Tloc      31%        N/A       3%          5
 Plasma Beam              Fire/Air       65%        2x1d89    3%          6
 Spider Form              Tmut/Pois      30%        N/A       4%          3
 Confusing Touch          Hex            27%        N/A       5%          3
 Swiftness                Air            41%        N/A       5%          3
 Tukima's Dance           Hex            27%        N/A       5%          3
 Vampiric Draining        Necr           27%        2d7       5%          3
 Airstrike                Air            20%        2d(3-19)  5%          4
 Olgreb's Toxic Radiance  Pois           27%        N/A       5%          4
 Summon Cactus Giant      Summ           35%        N/A       5%          6
 Summon Mana Viper        Hex/Summ       54%        N/A       8%          5
 Yara's Violent Unravell  Hex/Tmut       15%        3d8       12%         5
 Ice Form                 Ice/Tmut       45%        N/A       16%         4
 Anguish                  Hex/Necr       13%        N/A       19%         4
 Animate Dead             Necr           27%        N/A       19%         4
 Cause Fear               Hex            13%        N/A       19%         4
 Dispel Undead            Necr           27%        3d13      19%         4
 Blade Hands              Tmut           16%        N/A       36%         5
 Alistair's Intoxication  Tmut/Pois      20%        N/A       41%         5
 Agony                    Necr           27%        N/A       45%         5
 Silence                  Hex/Air        20%        N/A       45%         5
 Dispersal                Tloc           25%        N/A       50%         6
 Eringya's Noxious Bog    Tmut/Pois      15%        N/A       50%         6
 Death Channel            Necr           13%        N/A       96%         6
 Summon Hydra             Summ           35%        N/A       30%         7
 Haunt                    Necr/Summ      27%        N/A       92%         7
 Ozocubu's Refrigeration  Ice            20%        4d12      97%         7
 Dragon Form              Tmut           16%        N/A       100%        7
 Enfeeble                 Hex            13%        N/A       100%        7
 Storm Form               Tmut/Air       22%        N/A       100%        7
 Discord                  Hex            13%        N/A       100%        8
 Disjunction              Tloc           25%        N/A       100%        8
 Infestation              Necr           13%        N/A       100%        8
 Maxwell's Capacitive Co  Air            20%        ∞         100%        8
 Polar Vortex             Ice            20%        N/A       100%        9
 Cigotuvi's Dreadful Rot  Necr/Pois/Air  Unusable   N/A       N/A         2
 Sublimation of Blood     Necr           Unusable   N/A       N/A         2
 Statue Form              Tmut/Erth      Unusable   N/A       N/A         6

Dungeon Overview and Level Annotations

Branches:
Dungeon (15/15)            Temple (0/1) D:6            Lair (5/5) D:8
 Shoals (4/4) Lair:3        Snake (4/4) Lair:2        Slime (5/5) Lair:5
    Orc (2/2) D:10            Elf (3/3) Orc:2        Vaults (4/5) D:14
  Crypt (0/3) Vaults:2     Depths (4/4) D:15            Zot (5/5) Depths:4
  Sewer (visited)           IceCv (visited)

Altars:
Ashenzari
Elyvilon
Fedhas
Gozag
Kikubaaqudgha
Nemelex Xobeh
Ru
Sif Muna
Vehumet
Wu Jian
Xom
Yredelemnul
Jiyva

Shops:
D:9 (   Orc:2 :[?:   Elf:3 ?   Snake:2 (   Snake:4 [!=*   Vaults:3 :[
Depths:2 !

Portals:
Hell: Depths:1 Depths:2 Depths:3 Depths:4
Abyss: Vaults:2 Depths:3
Pandemonium: Depths:1 Depths:2
Ziggurat: Depths:3
Trove: Vaults:2 (give +3 gold dragon scales)

Annotations:
Slime:2 exclusion: upstairs
Slime:5 Royal Jelly
Elf:2 3 runed translucent doors
Vaults:2 2 transporters, MrClown's ghost, adept DsNe
Vaults:4 2 transporters, Ivagaet's ghost, adept DrFi
Depths:2 exclusion: 2 ice statues
Zot:4 2 transporters, Heoriaro's ghost, legendary GnFi


Innate Abilities, Weirdness & Mutations

You are immune to sickness and miasma.
Your stone body is resilient. (AC +20)
You are immune to poison.
Your large and strong wings let you fly.
You resist negative energy. (rN+)
You are resistant to electric shocks. (rElec)
You are resistant to unholy torment.
You are immune to petrification.
You are partially covered in iridescent scales. (AC +2)
Your flesh is cold resistant. (rC+)
Armour fits poorly on your strangely shaped body.
A frigid envelope surrounds you and freezes all who hurt you.
Potions are less effective at restoring your health.
You expend magic power (3 MP) to strengthen your wands.


Message History

Casting: Passwall (safe; 1% risk of failure)
Confirm with . or Enter, or press ? or * to list all spells.
Aiming: Passwall (safe; 1% risk of failure)
Press: ? - help, Dir - move target A rock wall.
This square is covered in magical glow.
You feel a surge of power!
You begin to meditate on the wall.
You continue meditating on the rock. x2
You finish merging with the rock.
There is a stone staircase leading up here.
You fly upwards.
There is a stone staircase leading down here.
Magic restored.
There is a stone staircase leading up here.
You fly upwards.
There is a stone staircase leading down here.
Casting: Passwall (safe; 1% risk of failure)
Confirm with . or Enter, or press ? or * to list all spells.
You feel a surge of power!
The dungeon rumbles!
Ka-crash!
Casting: Shatter (dangerous; 4% risk of failure)
Confirm with . or Enter, or press ? or * to list all spells.
You feel a surge of power!
The dungeon rumbles!
Ka-crash!
Casting: Shatter (dangerous; 4% risk of failure)
Confirm with . or Enter, or press ? or * to list all spells.
You feel a surge of power!
The dungeon rumbles!
Ka-crash!
Casting: Shatter (dangerous; 4% risk of failure)
Confirm with . or Enter, or press ? or * to list all spells.
You feel a surge of power!
The dungeon rumbles!
Ka-crash!
Casting: Shatter (dangerous; 4% risk of failure)
Confirm with . or Enter, or press ? or * to list all spells.
You feel a surge of power!
The dungeon rumbles!
A door shatters!
Ka-crash!
There is a staircase leading out of the dungeon here.
You have escaped!

#........##....)......#
###... ######..##
#..........###....# ##.#
#...............###
#.####..........#.#.####
##.##............###.....
#.........#......##..####
#....#..#....#.......####
##...##.##..#............
###....@#.#..##...#.###.
#>#..##.#.######..####
##..## ## # ###...... ###
#....#### #.#.##
############ #.#.#
#..........# #...#
#..........# ####..## #
#..........## ###....## #


There were no monsters in sight!

Vanquished Creatures
  5 dread liches
  5 orbs of fire
  Sojobo (Depths:3)
  3 Killer Klowns
  A profane servitor (Depths:1)
  Jory (Vaults:4)
  5 golden dragons
  A bone dragon (Depths:4)
  2 electric golems (Zot:5)
  7 tentacled monstrosities
  Mlioglotl (Shoals:3)
  18 Orb Guardians (Zot:5)
  Zenata (Vaults:4)
  A lich (Depths:2)
  A deep elf blademaster (Elf:3)
  A titan (Depths:1)
  A walking crystal tome (Depths:4)
  A deep elf master archer (Elf:3)
  2 krakens
  5 quicksilver dragons
  6 death cobs
  14 acid blobs
  4 sphinxes
  Frances (Snake:1)
  3 tentacled starspawn (Abyss:2)
  Donald (Snake:3)
  Kirke (Elf:1)
  10 storm dragons
  8 shadow dragons
  7 tengu reavers
  4 rockslimes
  4 deep elf sorcerers (Elf:3)
  6 vault wardens
  8 fire giants
  6 nagarajas
  8 draconian monks
  12 azure jellies
  3 draconian knights
  6 draconian scorchers
  10 frost giants
  Aizul (Snake:1)
  A ghost moth (Zot:5)
  4 draconian shifters
  Louise (Depths:3)
  5 spectral caustic shrikes (Depths:2)
  An orc warlord (Vaults:3)
  3 deep elf elementalists (Elf:3)
  12 stone giants
  5 spriggan defenders
  A war gargoyle (Vaults:2)
  9 draconian annihilators
  4 quicksilver oozes
  27 very ugly things
  2 draconian stormcallers
  7 ironbound thunderhulks
  11 black draconians
  11 ironbound preservers
  13 green draconians
  2 vampire knights
  The ghost of Aqangar the Severer, a journeyman MiBe of Trog (Lair:4)
  4 deep elf annihilators (Elf:3)
  5 dire elephants
  7 deep elf demonologists
  16 red draconians
  7 spark wasps
  7 white draconians
  7 purple draconians
  13 yellow draconians
  12 ettins
  2 merfolk javelineers (Shoals:4)
  A blizzard demon (Depths:2)
  5 deep elf high priests
  5 merfolk impalers
  5 crystal guardians
  Josephine (D:15)
  7 deep elf death magi (Elf:3)
  7 fire dragons
  10 great orbs of eyes
  2 pearl dragon zombies (Depths:1)
  9 yaktaur captains
  Erolcha (D:9)
  5 vault guards
  2 hydras
  7 peacekeepers
  12 ice dragons
  3 salamander tyrants
  A rakshasa (Vaults:2)
  Erica (D:9)
  7 ironbound frosthearts
  8 anacondas
  The ghost of arta456 the Eclecticist, a journeyman DECj of Vehumet (Orc:1)
  2 spriggan air magi
  A merfolk avatar (Shoals:3)
  An ogre mage (D:15)
  3 merfolk aquamancers (Shoals:4)
  5 two-headed ogres
  16 centaur warriors
  3 boulder beetles
  11 naga warriors
  7 tengu warriors
  2 alligator snapping turtles (Shoals:4)
  5 deep troll shamans
  2 hell hogs (Depths:1)
  11 deep troll earth magi
  16 naga sharpshooters
  2 satyrs
  10 dancing weapons
  11 hell knights
  7 spriggan berserkers
  2 death yaks (Lair:5)
  3 vampire magi (Depths:1)
  7 shock serpents
  14 deep elf knights
  11 iron trolls
  6 salamander mystics
  A wretched star (Abyss:2)
  A sun demon (Depths:1)
  A sixfirhy (Abyss:2)
  3 skysharks
  11 sea snakes
  4 glowing orange brains
  A swamp dragon (Lair:5)
  48 deep trolls
  A flayed ghost (Depths:4)
  2 shadow demons
  16 wizards
  A shadow dragon zombie (Depths:2)
  11 deep elf archers
  2 nameless horrors
  3 naga ritualists
  Pikel (D:7)
  18 ironbound convokers
  A lindwurm (shapeshifter) (D:14)
  5 lindwurms
  11 mana vipers
  22 deep elf pyromancers
  20 deep elf zephyrmancers
  6 necromancers
  An orc sorcerer (Elf:3)
  6 orc knights
  4 shining eyes
  16 salamanders
  5 fauns
  9 cyclopes
  13 manticores
  2 worldbinders (Abyss:2)
  10 harpies
  31 ugly things
  20 moths of wrath
  30 black mambas
  5 merfolk sirens
  22 naga magi
  Joseph (D:8)
  66 slime creatures
  3 apocalypse crabs (Abyss:2)
  3 guardian serpents
  6 elephants (Lair:5)
  An ice statue (IceCv)
  A demonic crawler (Abyss:2)
  A smoke demon (Abyss:2)
  A rust devil (D:13)
  4 water nymphs
  A torpor snail (Lair:1)
  13 cane toads
  2 storm dragon simulacra (Depths:2)
  17 vault sentinels
  4 eyes of devastation
  5 rime drakes
  5 ice devils (IceCv)
  An unseen horror (Abyss:2)
  6 freezing wraiths
  15 yaktaurs
  2 tengu conjurers
  9 komodo dragons
  2 yaktaurs (shapeshifter) (D:14)
  2 kobold demonologists (D:12)
  A red devil (D:6)
  An efreet (Abyss:2)
  10 polar bears
  6 wind drakes
  7 trolls
  18 merfolk
  4 hornets
  The ghost of Kold the Insei, an amateur DsMo (D:4)
  16 blink frogs
  2 raiju (Lair:5)
  18 dream sheep
  12 snapping turtles
  9 water elementals
  5 air elementals
  4 spriggans
  Sigmund (D:2)
  5 wyverns
  A vampire (D:11)
  4 wraiths
  36 yaks
  2 basilisks
  3 fire bats (Abyss:2)
  2 fire elementals (Elf:3)
  7 vampire mosquitoes
  9 golden eyes
  3 steam dragons (Lair:5)
  2 chaos spawn
  A neqoxec (Abyss:2)
  A death yak simulacrum (IceCv)
  2 large abominations (Abyss:2)
  46 nagas
  3 wargs (Lair:5)
  A harpy simulacrum (IceCv)
  2 acid dragons
  2 floating eyes (shapeshifter)
  Duvessa (D:7)
  A hydra simulacrum (IceCv)
  17 water moccasins
  A floating eye (Lair:5)
  21 orc warriors
  7 hell hounds (Lair:5)
  2 swamp drakes (Lair:5)
  2 sky beasts (D:6)
  11 black bears
  11 centaurs
  4 ogres
  37 wolves
  4 phantoms
  A kobold brigand (D:6)
  16 bullfrogs
  2 gnoll sergeants
  A wyvern zombie (D:7)
  4 necrophages (D:7)
  3 earth elementals
  3 scorpions
  A two-headed ogre simulacrum (IceCv)
  7 wights
  Dowan (D:7)
  15 killer bees
  An elephant simulacrum (IceCv)
  A howler monkey (D:9)
  3 electric eels
  A quasit (Abyss:2)
  A gnoll bouda (D:8)
  3 small abominations (Abyss:2)
  3 hounds
  A jelly (D:5)
  9 orc priests
  2 sleepcaps (D:6)
  Crazy Yiuf (D:4)
  Terence (D:3)
  6 iguanas
  24 orc wizards
  2 polar bear simulacra (IceCv)
  A hell rat (Lair:3)
  2 spriggan simulacra (IceCv)
  A troll simulacrum (IceCv)
  A wolf simulacrum (IceCv)
  A howler monkey zombie (D:7)
  3 adders
  13 gnolls
  2 naga simulacra (IceCv)
  4 river rats (Sewer)
  2 shadow imps
  5 white imps
  3 ufetubi
  A dart slug (D:2)
  81 orcs
  8 bats
  13 endoplasms
  7 giant cockroaches
  7 goblins
  11 hobgoblins
  4 jackals (D:3)
  5 quokkas
  6 ball pythons
  8 frilled lizards
  18 kobolds
  8 rats
  A bush (D:7)
  4 starspawn tentacles (Abyss:2)
  A tentacle (Shoals:4)
1879 creatures vanquished.

Vanquished Creatures (collateral kills)
  A dread lich (Zot:5)
  An orb of fire (Zot:5)
  Mara (Vaults:4)
  A Killer Klown (Zot:5)
  An Orb Guardian (Zot:5)
  A deep elf blademaster (Elf:3)
  A deep elf master archer (Elf:3)
  3 acid blobs
  2 nagarajas (Snake:4)
  A storm dragon (Zot:2)
  A daeva (Vaults:2)
  A deep elf sorcerer (Vaults:3)
  5 ironbound preservers (Vaults:4)
  A quicksilver ooze (Slime:1)
  An ironbound thunderhulk (Vaults:4)
  3 very ugly things
  A stone giant (Depths:1)
  A war gargoyle (Vaults:4)
  2 deep elf demonologists (Elf:3)
  A reaper (IceCv)
  A purple draconian (Zot:2)
  Snorg (Orc:1)
  A fire dragon (D:15)
  A merfolk javelineer (Shoals:1)
  A merfolk impaler (Shoals:4)
  A great orb of eyes (Slime:4)
  A deep elf high priest (Elf:1)
  A vault guard (Vaults:4)
  A rakshasa (Depths:1)
  An ice dragon (Elf:1)
  A merfolk avatar (Shoals:4)
  A death knight (Depths:1)
  2 ironbound frosthearts (Vaults:3)
  An ogre mage (D:15)
  5 two-headed ogres
  4 naga warriors (Snake:4)
  A death yak (Lair:5)
  2 merfolk aquamancers
  A hell hog (Depths:1)
  A shock serpent (Snake:4)
  A skyshark (Shoals:2)
  7 deep trolls
  2 sea snakes
  An orc knight (Orc:2)
  A harpy (Shoals:2)
  A deep elf archer (Elf:3)
  A phantasmal warrior (Vaults:4)
  A mana viper (Snake:4)
  An oklob plant (Lair:3)
  2 ironbound convokers (Vaults:3)
  2 manticores
  A salamander (Snake:4)
  A shining eye (Slime:4)
  4 ugly things
  6 fauns
  2 moths of wrath
  A merfolk siren (Shoals:4)
  2 water nymphs
  2 vault sentinels
  A demonic crawler (D:15)
  An ice statue (IceCv)
  2 apis skeletons (Depths:1)
  2 naga magi (Snake:4)
  A hellion (Zot:1)
  2 rime drakes (Lair:5)
  A cane toad (Lair:5)
  A spriggan zombie (Depths:2)
  A yaktaur (Vaults:3)
  2 ice devils (IceCv)
  A merfolk (Shoals:2)
  A polar bear (Lair:5)
  2 trolls
  A raiju (Lair:5)
  An air elemental (Elf:3)
  A dire elephant simulacrum (IceCv)
  7 slime creatures
  2 water elementals (Shoals:1)
  A wraith (D:15)
  A basilisk (Lair:5)
  11 yaks
  A golden eye (Slime:1)
  2 wargs
  A naga (Snake:4)
  7 hell hounds (Lair:5)
  11 orc warriors
  4 black bears (Lair:5)
  3 ogres
  2 wolves (Lair:5)
  6 centaurs
  A two-headed ogre simulacrum (IceCv)
  A gnoll sergeant (D:9)
  2 orc priests
  An iguana (Lair:5)
  An orc wizard (Orc:2)
  A spriggan simulacrum (IceCv)
  2 gnolls (D:9)
  4 orcs
  A tentacle (Shoals:4)
192 creatures vanquished.

Vanquished Creatures (others)
  A Killer Klown (Zot:5)
  2 Orb Guardians (Zot:5)
  2 red draconians (Zot:5)
  A black mamba (Snake:3)
  2 apis skeletons (Depths:1)
  A human (Elf:1)
  A small abomination (Abyss:2)
  38 fungi
  150 plants
  8 starspawn tentacles (Abyss:2)
  6 tentacles
212 creatures vanquished.

Grand Total: 2283 creatures vanquished

Notes
Turn   | Place    | Note
-------+----------+-------------------------------------------
     0 | D:1      | raph the Gargoyle Earth Elementalist began the quest for
                  | the Orb.
     0 | D:1      | Reached XP level 1. HP: 10/10 MP: 3/3
    68 | D:1      | Reached skill level 4 in Earth Magic
   321 | D:1      | Reached XP level 2. HP: 15/15 MP: 3/5
   324 | D:1      | Learned a level 2 spell: Passwall
   723 | D:1      | Reached XP level 3. HP: 19/19 MP: 4/6
   727 | D:1      | Learned a level 3 spell: Stone Arrow
   841 | D:1      | Reached skill level 5 in Earth Magic
   925 | D:2      | Noticed Sigmund
  1120 | D:2      | Reached skill level 1 in Conjurations
  1763 | D:2      | Reached XP level 4. HP: 24/24 MP: 5/7
  1789 | D:2      | Found a faded altar of an unknown god.
  1815 | D:2      | Prayed at the altar of an unknown god.
  1815 | D:2      | Became a worshipper of Vehumet
  1815 | D:2      | Reached * piety under Vehumet
  1815 | D:2      | Offered knowledge of Shock by Vehumet.
  1976 | D:3      | Found a glowing drain.
  2021 | D:3      | Learned a level 1 spell: Summon Small Mammal
  2022 | Sewer    | Entered a sewer
  2541 | Sewer    | Noticed a kobold brigand
  2541 | Sewer    | Noticed a kobold brigand
  2656 | D:3      | Reached XP level 5. HP: 28/28 MP: 5/8
  2732 | D:3      | Found a sparkling altar of Nemelex Xobeh.
  2898 | D:3      | Noticed Terence
  3005 | D:3      | Killed Terence
  3005 | D:3      | Reached ** piety under Vehumet
  3005 | D:3      | Offered knowledge of Poisonous Vapours by Vehumet.
  3980 | D:3      | Identified the +4 chain mail "Xotic" {rF+ Dex+4}
  4187 | D:4      | Reached skill level 1 in Summonings
  4187 | D:4      | Reached skill level 6 in Earth Magic
  4342 | D:4      | Reached XP level 6. HP: 32/32 MP: 10/10
  4393 | D:4      | Found a runed translucent door.
  4394 | D:4      | Noticed Kold's ghost (amateur DsMo)
  4532 | D:4      | Found a runed translucent door.
  4533 | D:4      | Noticed Crazy Yiuf
  4538 | D:4      | Killed Crazy Yiuf
  4948 | D:4      | Found a broken altar of Ashenzari.
  4959 | D:4      | Offered knowledge of Momentum Strike by Vehumet.
  5058 | D:5      | Entered Level 5 of the Dungeon
  5066 | D:5      | Reached XP level 7. HP: 36/36 MP: 12/12
  5496 | D:5      | Reached skill level 7 in Earth Magic
  5539 | D:5      | Reached *** piety under Vehumet
  5787 | D:5      | Found a basalt altar of Yredelemnul.
  6077 | D:5      | Found a white marble altar of Elyvilon.
  6152 | D:5      | Offered knowledge of Iskenderun's Mystic Blast by Vehumet.
  6159 | D:5      | Learned a level 4 spell: Iskenderun's Mystic Blast
  6208 | D:6      | Reached XP level 8. HP: 41/41 MP: 6/14
  6442 | D:6      | Reached skill level 5 in Conjurations
  6442 | D:6      | Reached skill level 1 in Translocations
  6482 | D:6      | Reached skill level 1 in Fighting
  6674 | D:6      | Reached skill level 8 in Earth Magic
  6744 | D:6      | Found a staircase to the Ecumenical Temple.
  6981 | D:6      | Reached skill level 5 in Spellcasting
  6981 | D:6      | Reached XP level 9. HP: 43/48 MP: 14/16
  6982 | D:6      | Reached **** piety under Vehumet
  7495 | D:7      | Offered knowledge of Sticky Flame by Vehumet.
  7501 | D:7      | Learned a level 4 spell: Sticky Flame
  7709 | D:7      | Noticed Duvessa
  7711 | D:7      | Noticed Dowan
  7713 | D:7      | Killed Duvessa
  7729 | D:7      | Killed Dowan
  7742 | D:7      | Noticed Pikel
  7755 | D:7      | Killed Pikel
  7756 | D:7      | Reached skill level 9 in Earth Magic
  7975 | D:7      | Found a blossoming altar of Fedhas.
  8462 | D:7      | Found an ornate altar of the Wu Jian Council.
  8978 | D:7      | Reached XP level 10. HP: 54/56 MP: 4/18
  9185 | D:7      | Learned a level 3 spell: Call Canine Familiar
  9344 | D:8      | Found a staircase to the Lair.
  9874 | D:8      | Reached skill level 10 in Earth Magic
  9895 | D:8      | Noticed Joseph
  9902 | D:8      | Killed Joseph
  9903 | D:8      | Reached skill level 5 in Stealth
 10421 | Lair:1   | Entered Level 1 of the Lair of Beasts
 10436 | Lair:1   | Noticed a black mamba
 10440 | Lair:1   | Noticed a cane toad
 10591 | D:8      | Killed a cane toad
 10683 | D:8      | Reached XP level 11. HP: 12/62 MP: 17/21
 11329 | Lair:1   | Found the +4 skin of Zhor {*Englaciate rC+++ SInv}
 11742 | Lair:1   | Identified the +5 longbow of Change {elec, *Corrode Int+2
                  | Stlth+}
 11798 | Lair:1   | Reached ***** piety under Vehumet
 11798 | Lair:1   | Offered knowledge of Spellforged Servitor by Vehumet.
 11804 | Lair:1   | Reached skill level 5 in Fighting
 11804 | Lair:1   | Reached skill level 11 in Earth Magic
 11923 | Lair:1   | Learned a level 7 spell: Spellforged Servitor
 12819 | Lair:2   | Found a staircase to the Snake Pit.
 13039 | Lair:2   | Reached XP level 12. HP: 59/68 MP: 18/24
 13329 | Lair:2   | Reached skill level 5 in Summonings
 13558 | Lair:2   | Identified the +3 ring mail of the Butcher {Drain Str+2
                  | Slay+4}
 14370 | Lair:3   | Reached skill level 10 in Conjurations
 14719 | Lair:3   | Reached skill level 5 in Dodging
 14779 | Lair:3   | Noticed a skyshark
 14789 | Lair:3   | Killed a skyshark
 15912 | Lair:4   | Noticed a five-headed hydra
 15921 | Lair:3   | Killed a five-headed hydra
 16382 | Lair:4   | Offered knowledge of Flame Wave by Vehumet.
 16392 | Lair:3   | Learned a level 4 spell: Flame Wave
 16782 | Lair:4   | Noticed a seven-headed hydra
 16783 | Lair:4   | Noticed a skyshark
 16796 | Lair:4   | Reached XP level 13. HP: 52/76 MP: 26/26
 16799 | Lair:4   | Reached skill level 12 in Earth Magic
 17040 | Lair:4   | Found a runed translucent gate.
 17040 | Lair:4   | Found a runed translucent gate.
 17040 | Lair:4   | Found a runed translucent gate.
 17041 | Lair:4   | Noticed a quicksilver ooze
 17042 | Lair:4   | Noticed an acid blob
 17042 | Lair:4   | Noticed an azure jelly
 17042 | Lair:4   | Noticed an azure jelly
 17042 | Lair:4   | Noticed a rockslime
 17042 | Lair:4   | Noticed an acid blob
 17043 | Lair:4   | Noticed an azure jelly
 17043 | Lair:4   | Noticed Aqangar's ghost (journeyman MiBe)
 17043 | Lair:4   | Noticed an acid blob
 17044 | Lair:4   | Noticed an azure jelly
 17044 | Lair:4   | Noticed an acid blob
 17044 | Lair:4   | Noticed an acid blob
 17045 | Lair:4   | Noticed an acid blob
 17538 | Lair:4   | Found a viscous altar of Jiyva.
 17538 | Lair:4   | Found the +7 Spriggan's Knife {stab, EV+4 Stlth+}
 17563 | Lair:5   | Entered Level 5 of the Lair of Beasts
 18007 | Lair:5   | Reached skill level 1 in Fire Magic
 18519 | Lair:5   | Found a staircase to the Slime Pits.
 18522 | Lair:5   | Found a viscous altar of Jiyva.
 19451 | Lair:5   | Offered knowledge of Yara's Violent Unravelling by Vehumet.
 19743 | Lair:5   | Gained mutation: Your large and strong wings let you fly.
                  | [Gargoyle growth]
 19743 | Lair:5   | Reached XP level 14. HP: 82/82 MP: 17/27
 19864 | Lair:5   | Noticed a dire elephant
 20101 | Lair:5   | Killed a dire elephant
 21570 | D:9      | Found Nyschog's Antique Weapon Boutique.
 21578 | D:9      | Bought a dazzling long sword for 306 gold pieces
 21578 | D:9      | Identified the +4 long sword "Lofo" {speed, rC++ rCorr}
                  | (You bought it in a shop on level 9 of the Dungeon)
 21588 | D:9      | Noticed Erolcha
 21591 | D:9      | Killed Erolcha
 21592 | D:9      | Reached skill level 10 in Spellcasting
 22175 | D:9      | Noticed Erica
 22181 | D:9      | Killed Erica
 22723 | D:9      | Found an opulent altar of Gozag.
 22767 | D:10     | Entered Level 10 of the Dungeon
 22787 | D:10     | Reached skill level 1 in Evocations
 23107 | D:10     | Found a staircase to the Orcish Mines.
 23529 | D:10     | Found a shimmering altar of Xom.
 23937 | D:2      | Killed Sigmund
 24140 | D:4      | Killed Kold's ghost
 24254 | D:10     | Offered knowledge of Iskenderun's Battlesphere by Vehumet.
 24276 | D:10     | Learned a level 5 spell: Iskenderun's Battlesphere
 24443 | Orc:1    | Entered Level 1 of the Orcish Mines
 24507 | Orc:1    | Noticed Snorg
 24512 | Orc:1    | Killed Snorg
 24557 | Orc:1    | Reached skill level 1 in Shields
 24695 | Orc:1    | Found a frozen archway.
 24713 | IceCv    | Entered an ice cave
 25676 | IceCv    | Noticed a reaper
 25684 | IceCv    | Killed a reaper
 26743 | Orc:1    | Found a large runed translucent door.
 26743 | Orc:1    | Found a large runed translucent door.
 26773 | Orc:1    | Noticed arta456's ghost (journeyman DECj)
 26793 | Orc:2    | Entered Level 2 of the Orcish Mines
 26894 | Orc:2    | Found a staircase to the Elven Halls.
 27342 | Orc:2    | Reached ****** piety under Vehumet
 27347 | Orc:2    | Reached XP level 15. HP: 58/88 MP: 21/29
 27527 | Orc:2    | Offered knowledge of Starburst by Vehumet.
 27601 | Orc:2    | Reached skill level 13 in Earth Magic
 27810 | Orc:2    | Found Loero's Magic Scroll Emporium.
 27810 | Orc:2    | Found Sinoph's Armour Boutique.
 27810 | Orc:2    | Found Afalik's Book Shop.
 27813 | Orc:2    | Found Woriur's Book Shoppe.
 27824 | Orc:2    | Bought a book of the Earth for 540 gold pieces
 27824 | Orc:2    | Bought a book of Fire for 660 gold pieces
 28546 | D:11     | Found a shimmering blue altar of Sif Muna.
 28554 | D:11     | Got Sif Muna's Encyclopedia of the Maleficium
 28690 | D:11     | Identified the +1 pair of boots of Ru's Outrage {rN+ MP+9
                  | Dex+3}
 28785 | D:11     | Identified the +10 mace of the Viper {spect, rPois Str+3}
 29492 | D:12     | Reached skill level 5 in Shields
 31389 | D:14     | Offered knowledge of Iron Shot by Vehumet.
 31858 | D:14     | Found a gate to the Vaults.
 32301 | D:15     | Entered Level 15 of the Dungeon
 32315 | D:15     | Got the Discourse on Skeletons
 32497 | D:15     | Found a staircase to the Depths.
 32786 | D:15     | Reached skill level 5 in Fire Magic
 32788 | D:15     | Noticed Josephine
 32794 | D:15     | Killed Josephine
 33346 | D:15     | Identified the +5 rapier "Quplanyz" {venom, rElec rF-
                  | Dex+6}
 33980 | Lair:4   | Killed an acid blob
 33982 | Lair:4   | Killed an acid blob
 33995 | Lair:3   | Learned a level 6 spell: Iron Shot
 34035 | Lair:4   | Killed an azure jelly
 34036 | Lair:4   | Reached XP level 16. HP: 88/96 MP: 23/31
 34157 | Lair:4   | Killed an azure jelly
 34180 | Lair:4   | Killed an azure jelly
 34183 | Lair:4   | Killed Aqangar's ghost
 34435 | Lair:4   | Killed an acid blob
 34442 | Lair:4   | Killed an acid blob
 34535 | Shoals:1 | Entered Level 1 of the Shoals
 34892 | Shoals:1 | Reached skill level 14 in Earth Magic
 36026 | Shoals:2 | Reached skill level 5 in Evocations
 36386 | Shoals:2 | Offered knowledge of Maxwell's Capacitive Coupling by
                  | Vehumet.
 36698 | Shoals:2 | Reached skill level 10 in Fighting
 37846 | Shoals:3 | Identified the +2 ring mail of Ykeyfrox {Stlth+}
 37856 | Shoals:3 | Noticed Mlioglotl
 37862 | Shoals:3 | Killed Mlioglotl
 38010 | Shoals:3 | Reached skill level 15 in Conjurations
 38118 | Shoals:3 | Noticed a kraken
 38128 | Shoals:3 | Killed a kraken
 39009 | Shoals:4 | Entered Level 4 of the Shoals
 39017 | Shoals:4 | Reached XP level 17. HP: 102/102 MP: 20/33
 39145 | Shoals:4 | Noticed a kraken
 39152 | Shoals:4 | Killed a kraken
 39283 | Shoals:4 | Reached skill level 15 in Earth Magic
 39289 | Shoals:4 | Got Woest's Encyclopedia of the Glowing Mesa
 40683 | Shoals:4 | Got a barnacled rune of Zot
 40892 | Shoals:4 | Identified the +7 trident of the Big Bang {freeze, Fragile
                  | Str+6}
 41467 | Snake:1  | Entered Level 1 of the Snake Pit
 41697 | Snake:1  | Noticed Aizul
 41703 | Snake:1  | Killed Aizul
 42394 | Snake:1  | Noticed Frances
 42398 | Snake:1  | Killed Frances
 43247 | Snake:2  | Identified a scroll of acquirement
 43320 | Snake:2  | Offered knowledge of Fire Storm by Vehumet.
 43320 | Snake:2  | Offered knowledge of Shatter by Vehumet.
 43320 | Snake:2  | Offered knowledge of Polar Vortex by Vehumet.
 43321 | Snake:2  | Reached skill level 16 in Earth Magic
 43349 | Snake:2  | Acquired a book of Spatial Translocations
 43598 | Snake:2  | Found Riufoydd's Antique Weapon Boutique.
 43621 | Snake:2  | Bought a warped flail for 246 gold pieces
 43621 | Snake:2  | Identified the +0 flail of the Thing {freeze, rF+} (You
                  | bought it in a shop on level 2 of the Snake Pit)
 43621 | Snake:2  | Bought a polished demon whip for 580 gold pieces
 43621 | Snake:2  | Identified the +0 demon whip of Ivumumim {freeze, Str+2}
                  | (You bought it in a shop on level 2 of the Snake Pit)
 43804 | Snake:2  | Reached XP level 18. HP: 110/110 MP: 35/35
 44093 | Snake:2  | Learned a level 5 spell: Fireball
 45607 | Snake:3  | Noticed Donald
 45616 | Snake:3  | Killed Donald
 45865 | Snake:3  | Identified the +2 dagger "Pendulum" {heavy, +Blink Int+3}
 47019 | Snake:4  | Entered Level 4 of the Snake Pit
 47746 | Snake:4  | Found Gagiehee's Armour Boutique.
 47746 | Snake:4  | Found Huvalaib's Distillery.
 47753 | Snake:4  | Found Geffauq's General Store.
 47760 | Snake:4  | Bought a potion of heal wounds for 95 gold pieces
 47760 | Snake:4  | Bought a potion of heal wounds for 95 gold pieces
 47760 | Snake:4  | Bought a potion of heal wounds for 95 gold pieces
 47765 | Snake:4  | Found Quit's Jewellery Emporium.
 47769 | Snake:4  | Bought a phantom mirror for 480 gold pieces
 47774 | Snake:4  | Bought an amulet of reflection for 450 gold pieces
 47857 | Snake:4  | Bought a potion of haste for 190 gold pieces
 48687 | Snake:4  | Reached skill level 17 in Earth Magic
 49194 | Snake:4  | Reached XP level 19. HP: 113/116 MP: 8/37
 49211 | Snake:4  | Got a serpentine rune of Zot
 49808 | Orc:1    | Killed arta456's ghost
 49985 | Vaults:1 | Entered Level 1 of the Vaults
 50594 | Abyss:2  | Cast into level 2 of the Abyss (a wizard)
 51222 | Abyss:2  | Noticed a tentacled monstrosity
 51227 | Abyss:2  | Killed a tentacled monstrosity
 51421 | Abyss:2  | Found a corrupted altar of Lugonu.
 51538 | Vaults:1 | Escaped the Abyss
 53018 | Vaults:2 | You are sucked into a shaft and drop 1 floor!
 53255 | Vaults:3 | Found Koawky's Armour Shoppe.
 53986 | Vaults:2 | Reached skill level 18 in Earth Magic
 54518 | Vaults:2 | Noticed MrClown's ghost (adept DsNe)
 54527 | Vaults:2 | Found a transporter.
 54528 | Vaults:2 | Found a transporter.
 54531 | Vaults:2 | Found a one-way gate to the infinite horrors of the Abyss.
 54531 | Vaults:2 | Noticed a hellephant
 54777 | Vaults:2 | Found a portal to a secret trove of treasure.
 55268 | Vaults:2 | Reached XP level 20. HP: 123/123 MP: 38/38
 56207 | Vaults:2 | Found a staircase to the Crypt.
 56885 | Vaults:2 | Reached skill level 1 in Staves
 57632 | Vaults:3 | Reached skill level 15 in Spellcasting
 58733 | Vaults:3 | Learned a level 8 spell: Lehudib's Crystal Spear
 59298 | Vaults:3 | Found Xuiskaem's Book Shoppe.
 59791 | Vaults:3 | Reached skill level 10 in Stealth
 59891 | Vaults:3 | Identified the +1 scale mail of the Ant {Dex+4}
 60158 | Vaults:4 | Noticed Mara
 60167 | Vaults:4 | Killed Mara
 60245 | Vaults:4 | Noticed Zenata
 60263 | Vaults:4 | Killed Zenata
 60592 | Vaults:4 | Reached XP level 21. HP: 123/129 MP: 14/40
 60593 | Vaults:4 | Reached skill level 19 in Earth Magic
 62026 | Vaults:4 | Reached skill level 5 in Staves
 62432 | Vaults:4 | Found a transporter.
 62432 | Vaults:4 | Noticed Ivagaet's ghost (adept DrFi)
 62497 | Vaults:4 | Noticed Jory
 63178 | Vaults:4 | Killed Jory
 63530 | Vaults:4 | Noticed a golden dragon
 63533 | Vaults:4 | Found a transporter.
 63796 | Elf:1    | Entered Level 1 of the Elven Halls
 63828 | Elf:1    | Identified the +0 robe "Pelus" {Fly Str+3 Int+4 Dex-2}
 64736 | Elf:1    | Found a runed translucent gate.
 64736 | Elf:1    | Found a runed translucent gate.
 64736 | Elf:1    | Found a runed translucent gate.
 64736 | Elf:1    | Found a runed translucent gate.
 64736 | Elf:1    | Found a runed translucent gate.
 64738 | Elf:1    | Found a runed translucent gate.
 65151 | Elf:1    | Noticed Kirke
 65158 | Elf:1    | Killed Kirke
 65158 | Elf:1    | Paralysed by an air elemental for 1 turns
 67144 | Elf:2    | Found a runed translucent gate.
 67145 | Elf:2    | Found a runed translucent gate.
 67145 | Elf:2    | Found a runed translucent gate.
 67555 | Elf:3    | Entered Level 3 of the Elven Halls
 68588 | Elf:3    | Reached XP level 22. HP: 110/136 MP: 24/41
 68827 | Elf:3    | Found Payza's Magic Scroll Shop.
 68832 | Elf:3    | Bought a scroll of blinking for 105 gold pieces
 68832 | Elf:3    | Bought a scroll of magic mapping for 105 gold pieces
 68832 | Elf:3    | Bought a scroll of fog for 56 gold pieces
 68832 | Elf:3    | Bought a scroll of teleportation for 42 gold pieces
 68832 | Elf:3    | Bought a scroll of teleportation for 42 gold pieces
 68832 | Elf:3    | Bought a scroll of poison for 56 gold pieces
 69909 | Elf:3    | Identified the +8 dagger of Growth {drain, rC+ Str+3}
 69918 | Elf:3    | Identified the amulet of Nihilism {Regen+ Str+3}
 69919 | Elf:3    | Identified the staff of cold "Meneenuf" {rF+ rC+ Str+3
                  | Int-2 SInv}
 69919 | Elf:3    | Identified the ring of Ignis's Scorn {rN+ Int+2 Dex-4
                  | Stlth+}
 69934 | Elf:3    | Reached skill level 10 in Dodging
 70027 | Elf:3    | Identified the +7 battleaxe of Gallantry {heavy, Int+6
                  | Dex+3}
 70225 | Elf:3    | Reached skill level 20 in Earth Magic
 70582 | Elf:3    | Got the Compilation of Good Intentions
 70589 | Elf:3    | Found the +3 greatsling "Punk" {acid, rCorr}
 70590 | Elf:3    | Got the Secrets of the Feathery Traveller
 70607 | Elf:3    | Got Soleuxt's Writings on Variable Ozone
 70623 | Elf:3    | Identified the staff of conjuration "Viengod" {rN+ Str+4
                  | Int+3}
 70629 | Elf:3    | Identified the staff of death "Utetaor" {rN+ rCorr}
 71433 | Slime:1  | Entered Level 1 of the Pits of Slime
 73048 | Slime:5  | Entered Level 5 of the Pits of Slime
 73061 | Slime:5  | Learned a level 9 spell: Shatter
 73700 | Slime:5  | Gained mutation: Armour fits poorly on your strangely
                  | shaped body. [a shining eye]
 73702 | Slime:5  | Gained mutation: You occasionally shout uncontrollably at
                  | your foes. [a shining eye]
 73709 | Slime:5  | Gained mutation: Your body sometimes deteriorates upon
                  | taking damage. [a shining eye]
 73712 | Slime:5  | Gained mutation: Your magical capacity is low. (-10% MP) [a
                  | shining eye]
 73720 | Slime:5  | Noticed the Royal Jelly
 73722 | Slime:5  | Reached skill level 10 in Evocations
 74864 | Slime:4  | HP: 4/136 [acid blob (10)]
 74864 | Slime:4  | HP: 1/136 [acid (3)]
 75568 | Slime:5  | Found the +3 Elemental Staff {rElec rF+ rC+ AC+3}
 75575 | Slime:5  | Gained mutation: Your magical capacity is very low. (-20%
                  | MP) [a shining eye]
 75708 | Slime:5  | Gained mutation: Your body often deteriorates upon taking
                  | damage. [a shining eye]
 75711 | Slime:5  | Gained mutation: You are dopey. (Int -2) [a shining eye]
 75712 | Slime:5  | Gained mutation: You are partially covered in iridescent
                  | scales. (AC +2) [a shining eye]
 76584 | Slime:5  | Reached skill level 10 in Fire Magic
 76879 | Slime:5  | Found a viscous altar of Jiyva.
 76884 | Slime:5  | Got the Excursus on Anathema
 76886 | Slime:5  | Got a slimy rune of Zot
 76968 | Slime:5  | Identified the +2 leather armour of Himm {Dex+2}
 77160 | Slime:1  | Gained mutation: You are occasionally teleported next to
                  | monsters. [a shining eye]
 77697 | Depths:1 | Entered Level 1 of the Depths
 77769 | Depths:1 | Found a gateway to Hell.
 77985 | Depths:1 | Reached XP level 23. HP: 138/142 MP: 24/34
 78207 | Depths:1 | Identified the +2 robe of Marbles {Rampage rElec Regen+
                  | Int+2}
 78235 | Depths:1 | Found a basalt altar of Yredelemnul.
 78748 | D:15     | Lost mutation: You are occasionally teleported next to
                  | monsters. [potion of mutation]
 78748 | D:15     | Lost mutation: Your body often deteriorates upon taking
                  | damage. [potion of mutation]
 78748 | D:15     | Lost mutation: Your body sometimes deteriorates upon taking
                  | damage. [potion of mutation]
 78748 | D:15     | Gained mutation: A frigid envelope surrounds you and
                  | freezes all who hurt you. [potion of mutation]
 78749 | D:15     | Lost mutation: You are dopey. (Int -2) [potion of mutation]
 78749 | D:15     | Lost mutation: You occasionally shout uncontrollably at
                  | your foes. [potion of mutation]
 78749 | D:15     | Lost mutation: Your magical capacity is very low. (-20% MP)
                  | [potion of mutation]
 78749 | D:15     | Gained mutation: You are weak. (Str -2) [potion of
                  | mutation]
 78749 | D:15     | Gained mutation: You have sharp fingernails. [potion of
                  | mutation]
 78750 | D:15     | Lost mutation: Your magical capacity is low. (-10% MP)
                  | [potion of mutation]
 78750 | D:15     | Lost mutation: You are weak. (Str -2) [potion of mutation]
 78750 | D:15     | Lost mutation: You have sharp fingernails. [potion of
                  | mutation]
 78750 | D:15     | Gained mutation: Your flesh is cold resistant. (rC+)
                  | [potion of mutation]
 78750 | D:15     | Gained mutation: You expend magic power (3 MP) to
                  | strengthen your wands. [potion of mutation]
 79372 | Depths:1 | Identified the ring "Takumiqo" {Fly Dex+5 Slay+4}
 80111 | Depths:1 | Identified the +0 leather armour of Abraet {Str+3}
 80520 | Depths:1 | Found a one-way gate leading to the halls of Pandemonium.
 80783 | Depths:1 | Found a sacrificial altar of Ru.
 81096 | Depths:2 | Found Koplib's Distillery.
 81101 | Depths:2 | Bought a potion of experience for 1050 gold pieces
 81101 | Depths:2 | Bought a potion of heal wounds for 105 gold pieces
 81101 | Depths:2 | Bought a potion of magic for 168 gold pieces
 81101 | Depths:2 | Bought a potion of heal wounds for 105 gold pieces
 81101 | Depths:2 | Reached skill level 21 in Earth Magic
 81101 | Depths:2 | Reached XP level 24. HP: 148/148 MP: 43/43
 81374 | Depths:2 | Found an ancient bone altar of Kikubaaqudgha.
 82290 | Depths:2 | Noticed a dread lich
 82331 | Depths:2 | Identified the +1 long sword of Patience {heavy, Dex+2}
 82458 | Depths:2 | Killed a dread lich
 83214 | Depths:2 | Identified the staff of death "Latanenie" {Contam rPois rN+
                  | SInv}
 83551 | Depths:3 | Identified the +0 tower shield of Dishonesty {Harm *Slow
                  | rPois Slay+3}
 83551 | Depths:3 | Noticed Louise
 83552 | Depths:3 | Killed Louise
 83555 | Depths:3 | Reached XP level 25. HP: 137/153 MP: 44/44
 84172 | Depths:3 | Found a one-way gateway to a ziggurat.
 84200 | Depths:3 | Reached skill level 10 in Staves
 85009 | Depths:3 | Noticed Sojobo
 85018 | Depths:3 | Killed Sojobo
 85688 | Depths:4 | Entered Level 4 of the Depths
 86873 | Depths:4 | Found a gate to the Realm of Zot.
 88281 | Zot:1    | Entered Level 1 of the Realm of Zot
 88700 | Orc:2    | Bought a scroll of teleportation for 48 gold pieces
 88700 | Orc:2    | Bought a scroll of teleportation for 48 gold pieces
 88700 | Orc:2    | Bought a scroll of teleportation for 48 gold pieces
 88700 | Orc:2    | Bought a scroll of magic mapping for 120 gold pieces
 88700 | Orc:2    | Bought a scroll of fear for 64 gold pieces
 89008 | Snake:4  | Bought a potion of haste for 190 gold pieces
 89008 | Snake:4  | Bought a potion of haste for 190 gold pieces
 89008 | Snake:4  | Bought a potion of curing for 57 gold pieces
 89008 | Snake:4  | Bought a potion of haste for 190 gold pieces
 89462 | Zot:1    | Reached skill level 22 in Earth Magic
 90180 | Zot:1    | Learned a level 8 spell: Ignition
 90735 | Zot:1    | Identified the +7 arbalest of Contention {speed, rF+ rC+}
 91226 | Zot:2    | Reached XP level 26. HP: 148/160 MP: 37/44
 91489 | Zot:2    | You are sucked into a shaft and drop 1 floor!
 91505 | Zot:3    | Noticed a Killer Klown
 91507 | Zot:3    | Killed a Killer Klown
 91510 | Zot:3    | Noticed an orb of fire
 91518 | Zot:3    | HP: 4/158 [orb of fire/fireball (15)]
 91518 | Zot:3    | HP: 1/157 [shadow dragon/bolt of negative energy (3)]
 91525 | Zot:2    | HP: 5/157 [orb of fire/fireball (17)]
 91526 | Zot:2    | Killed an orb of fire
 92175 | Zot:2    | Reached skill level 15 in Fire Magic
 93220 | Zot:2    | Reached skill level 15 in Fighting
 94430 | Zot:3    | Found a transporter.
 94434 | Zot:3    | Found a transporter.
 94434 | Zot:3    | Found a transporter.
 94436 | Zot:3    | Found a transporter.
 95684 | Zot:4    | Found a transporter.
 95686 | Zot:4    | Noticed Heoriaro's ghost (legendary GnFi)
 95687 | Zot:4    | Found a transporter.
 96013 | Zot:5    | Entered Level 5 of the Realm of Zot
 96115 | Zot:5    | Learned a level 1 spell: Apportation
 96152 | Zot:5    | Noticed a Killer Klown
 96171 | Zot:5    | Killed a Killer Klown
 97792 | Zot:5    | Noticed a Killer Klown
 98275 | Zot:5    | Noticed a dread lich
 98295 | Zot:5    | Killed a dread lich
 98358 | Zot:5    | Noticed an orb of fire
 98364 | Zot:5    | Killed an orb of fire
 98371 | Zot:5    | Noticed a Killer Klown
 98377 | Zot:5    | Killed a Killer Klown
 98385 | Zot:5    | Reached XP level 27. HP: 144/167 MP: 35/45
 98634 | Zot:5    | Noticed an orb of fire
 98660 | Zot:5    | Noticed a dread lich
 98662 | Zot:5    | Paralysed by a dread lich for 3 turns
 98665 | Zot:5    | Noticed an orb of fire
 98667 | Zot:5    | Killed a dread lich
 98670 | Zot:5    | Killed an orb of fire
 98674 | Zot:5    | Noticed an orb of fire
 98674 | Zot:5    | Noticed a dread lich
 98674 | Zot:5    | Gained mutation: Potions are less effective at restoring
                  | your health. [an orb of fire]
 98754 | Zot:5    | Noticed an orb of fire
 98759 | Zot:5    | Killed an orb of fire
 99077 | Zot:5    | Killed a dread lich
 99080 | Zot:5    | Killed an orb of fire
 99409 | Zot:5    | Killed an orb of fire
 99677 | Zot:5    | Noticed a dread lich
 99680 | Zot:5    | Killed a dread lich
100143 | Zot:5    | Reached skill level 23 in Earth Magic
100156 | Zot:5    | Noticed a dread lich
100160 | Zot:5    | Killed a dread lich
100176 | Zot:5    | Got the Orb of Zot
100333 | Depths:2 | Noticed Tyegam the pandemonium lord
100373 | Depths:1 | Noticed a seraph
100742 | D:$      | Escaped with the Orb!

Illustrated notes

Levels and vault maps discovered:
D:1:      amcnicky_arrival_choice, layout_rooms
D:2:      layout_basic, serial_forest, infiniplex_forest_straight_4,
          infiniplex_forest_end_2, infiniplex_forest_lined_room_,
          infiniplex_forest_clump_C, infiniplex_forest_split,
          infiniplex_forest_pool, infiniplex_forest_clump_double,
          infiniplex_forest_lined_4_way,
          dreamdust_ecumenical_altar_hidden_monk_grotto,
          small_statue_intersection, uniq_sigmund
D:3:      layout_basic, mainiacjoe_overflow_24_doors, gup_sewer_entry_pipe,
          uniq_terence
D:4:      layout_rooms, mainiacjoe_overflow_catwalk,
          hellmonk_ghost_happy_afterlife, minmay_tree_intersection,
          uniq_crazy_yiuf_cottage
D:5:      layout_cave_pools, kennysheep_ying_yang, serial_column_ruins,
          column_ruins_grid_1, column_ruins_open_tiny,
          column_ruins_columns_straight, column_ruins_grid_3,
          column_ruins_open_small, column_ruins_columns_corner
D:6:      layout_rooms, minmay_temple_entry_waves
D:7:      layout_basic, fedhas_altar_decomposition,
          nicolae_wu_jian_immortal_techniques,
          nicolae_ossuary_entry_false_entrances, nicolae_zen_rock_garden,
          minmay_checkerbox, uniq_pikel, uniq_duvessa
D:8:      layout_cave_pools, erik_lair_island, minmay_starry_boxes, uniq_joseph
D:9:      layout_basic, lemuel_coloured_pillars_altar, serial_shops,
          nicolae_shop_tiny_waterfront, hex_intersection, uniq_erica,
          uniq_erolcha
D:10:     layout_long_grid, amcnicky_altar_gilded, orc_0_dummy
D:11:     layout_loops_ring, nicolae_sif_muna_little_library
D:12:     layout_gridville, minmay_misc_feat_tower
D:13:     layout_irregular_city
D:14:     layout_long_grid, david_vaults_4, small_statue_intersection,
          minmay_misc_feat_ornament
D:15:     grunt_enter_depths_hoard, layout_gridville, minmay_misc_feat_rugged,
          uniq_josephine
Lair:1:   layout_misc_corridors, hellmonk_guarded_unrand_zhor
Lair:2:   layout_small_grid, guppyfry_snake_entry_island, minivault_27,
          beast_lair_carwin_8
Lair:3:   layout_cave_pods, nicolae_shoals_entry_flooding,
          minmay_lair_oklob_bushes, serial_bayou_pond_b, lemuel_fruit_fields,
          grunt_megastairs_2, infiniplex_staircase_pool
Lair:4:   layout_loops_ring, gammafunk_ghost_ooze, serial_bayou_shore_b,
          grunt_megastairs_3
Lair:5:   hangedman_lair_caniforms_friends, layout_gridlike,
          guppyfry_lair_end_dragon, minmay_slime_entry_eyes, hibernation_bobbens
Shoals:1: layout_shoals
Shoals:2: layout_shoals
Shoals:3: layout_shoals, uniq_mlioglotl
Shoals:4: shoals_end_grunt_ice, layout_shoals
Snake:1:  layout_misc_corridors, uniq_frances, uniq_aizul
Snake:2:  layout_gridlike, serial_shops, shop
Snake:3:  nicolae_sea_snake_s, layout_onion_interference, uniq_donald
Snake:4:  snake_pit, layout_cave_town, nicolae_snake_serpentine_bazaar,
          serial_bayou_shore_b
Slime:1:  layout_caves
Slime:2:  layout_caves, nicolae_slime_crime_time
Slime:3:  layout_caves
Slime:4:  layout_caves, cheibrodos_slime_lost_civilization_5
Slime:5
Orc:1:    layout_caves, basic_altar, ebering_ghost_disaster_area,
          portal_ice_cave_entry_pillars_1, uniq_snorg
Orc:2:    st_orc_rangers, layout_diamond_mine, guppyfry_library_mini
Elf:1:    layout_onion_city, orc_legates, hangedman_decor_cross_pass, uniq_kirke
Elf:2:    nicolae_elf_blades_crystal_corner, layout_loops_cross
Elf:3:    elf_hall, layout_gridlike, serial_shops, shop, uniq_louise
Vaults:1: nicolae_vaults_triangles, nicolae_vaults_little_squares_1,
          nicolae_vaults_trapezoid_3, nicolae_vaults_offset_grid_hallway_3,
          vaults_room_grunt_arrival_checkpoint, nicolae_vaults_tetromino_Z_2,
          nicolae_vaults_diamond_2, layout_vaults_chaotic_city
Vaults:2: gammafunk_ghost_abyssal_escape, ontoclasm_vaults_bender,
          nicolae_vaults_network_s, v_misc_32, vaults_mumra_lcd, v_rooms_2,
          ontoclasm_vaults_twist, v_alt_pattern_5,
          nicolae_vaults_closet_pinwheel_1, nicolae_vaults_trapezoid_4,
          vaults_mumra_hexcomb, grunt_vaults_hallway_short,
          layout_vaults_big_cross, enter_trove_3
Vaults:3: nicolae_vaults_door_testing_chamber, nicolae_vaults_asterisk,
          ontoclasm_vaults_claustrophobia, nicolae_vaults_layer_cake_slice,
          hangedman_vaults_stitches, nicolae_vaults_taking_the_gang_shopping,
          grunt_vaults_funnel, st_smaller_cells, nicolae_vaults_sightless_eye,
          nicolae_vaults_three_branches, nicolae_vaults_layer_cake_slice,
          layout_vaults_omnibox, serial_shops, shop
Vaults:4: gammafunk_ghost_arena, ontoclasm_vaults_loading_screen,
          vaults_room_corners, nicolae_vaults_an_arrangement,
          nicolae_vaults_double_plus_2, nicolae_vaults_trapezoid_lopsided_1,
          nicolae_vaults_apartment_1, dpeg_vaults_monster_box,
          nicolae_vaults_trapezoid_lopsided_1, layout_vaults_omnigrid,
          uniq_zenata, uniq_jory, uniq_mara
Depths:1: minmay_the_grid_square_5x5_4x4_mashed
          [minmay_the_grid_square_5x5_spiral,
          minmay_the_grid_square_5x5_moneybag,
          minmay_the_grid_square_5x5_minivault,
          minmay_the_grid_square_5x5_inner_v,
          minmay_the_grid_square_5x5_one_wall,
          minmay_the_grid_square_5x5_prize_itemx,
          minmay_the_grid_square_5x5_prize_snowflake,
          minmay_the_grid_square_5x5_intrusive_squares,
          minmay_the_grid_square_5x5_checkered,
          minmay_the_grid_square_5x5_prize_junk,
          minmay_the_grid_square_5x5_prize_open,
          minmay_the_grid_square_5x5_doubleslash, minmay_the_grid_square_5x5_z,
          minmay_the_grid_square_5x5_comb, minmay_the_grid_square_5x5_minimal,
          minmay_the_grid_square_5x5_two_small], layout_long_grid,
          nicolae_ru_path_of_blood, pf_vacation_house_of_asmodeus,
          rand_demon_pan_entry_4, hangedman_blasphemy
Depths:2: cheibrodos_cascadia, layout_gridlike, serial_shops, shop,
          pf_hell_entry_tar_river, nicolae_kikubaaqudgha_miasma_corner,
          pan_entry
Depths:3: nicolae_BIG_FREAKIN_CUBE, layout_basic, enter_ziggurat_b,
          hangedman_abyss_or_decor_lesser_grid,
          nicolae_abyss_entry_one_way_or_another, hell_entry,
          infiniplex_staircase_zigzag_1, uniq_sojobo
Depths:4: grunt_zot_entry_tricorne, layout_gridlike, serial_bayou_pond_c,
          pf_coc_iceberg, dreamdust_wasp_nest
Zot:1:    layout_gridlike, lemuel_flame_loot_1
Zot:2:    layout_gridville, st_stairs_12
Zot:3:    layout_onion_interference, grunt_ministairs_14,
          nicolae_diode_intersection
Zot:4:    layout_concentric_octagons, gammafunk_ghost_mausoleum
Zot:5:    layout_gridlike

Skill      XL: |  1  2  3  4  5  6  7  8  9 10 11 12 13 14 15 16 17 18 19 20 21 22 23 24 25 26 27 |
---------------+----------------------------------------------------------------------------------+-----
Earth Magic    | 4 5 6 7 8 9 10 11 12 13 14 16 17 18 19 20 21 22 23 | 23.0
Conjurations   | 1 2 3 4 5 6 8 9 10 12 13 14 15 16 17 18 19 20 21 22 | 22.1
Summonings     | 1 2 3 4 6 7 9 |  9.5
Spellcasting   | 3 4 5 7 8 9 10 11 12 13 14 15 16 17 18 | 18.5
Translocations | 2 3 |  3.8
Fighting       | 1 3 4 5 6 7 8 9 10 11 12 13 14 15 16 | 16.2
Dodging        | 2 3 4 5 6 7 8 9 10 11 12 | 12.3
Stealth        | 3 4 5 6 7 8 9 10 11 12 | 12.9
Fire Magic     | 2 5 6 7 8 9 10 12 15 16 | 16.1
Evocations     | 2 4 5 6 7 8 9 10 11 | 11.1
Shields        | 3 5 |  5.0
Staves         | 4 6 8 9 10 | 10.9
Transmutations | |  0.7

Action                     |  1- 3 |  4- 6 |  7- 9 | 10-12 | 13-15 | 16-18 | 19-21 | 22-24 | 25-27 || total
---------------------------+-------+-------+-------+-------+-------+-------+-------+-------+-------++-------
  Melee: Dagger            |     5 |     4 |    24 |     2 |    24 |       |       |       |       ||    59
         Staff             |       |       |    21 |    39 |    37 |     4 |    15 |    63 |    52 ||   231
         Punch             |       |       |       |     3 |       |       |       |       |       ||     3
         Knife             |       |       |       |       |       |     7 |       |       |       ||     7
         Greatsling        |       |       |       |       |       |       |       |     4 |       ||     4
   Fire: Greatsling        |       |       |       |       |       |       |       |    20 |       ||    20
  Throw: Dart              |       |       |       |     1 |       |       |       |       |       ||     1
   Cast: Sandblast         |    55 |    72 |    22 |     6 |    10 |    16 |     6 |     8 |     5 ||   200
         Stone Arrow       |     1 |    33 |   116 |   193 |   515 |    51 |    33 |     2 |     5 ||   949
         Passwall          |       |     4 |     3 |     3 |     7 |     9 |     7 |     3 |    12 ||    48
         Summon Small Mamm |       |     3 |       |     2 |       |       |       |       |       ||     5
         Sticky Flame      |       |       |     2 |    64 |    34 |     2 |     5 |     3 |     3 ||   113
         Iskenderun's Myst |       |       |       |     7 |    22 |    10 |    45 |    66 |    12 ||   162
         Flame Wave        |       |       |       |     4 |    15 |     4 |     8 |       |       ||    31
         Call Canine Famil |       |       |       |     3 |     2 |       |       |       |       ||     5
         Spellforged Servi |       |       |       |       |    41 |    33 |    28 |    14 |    17 ||   133
         Iskenderun's Batt |       |       |       |       |    55 |    97 |    66 |    22 |    41 ||   281
         Iron Shot         |       |       |       |       |     1 |   431 |   259 |       |       ||   691
         Fireball          |       |       |       |       |       |    14 |    28 |    56 |    29 ||   127
         Lehudib's Crystal |       |       |       |       |       |       |   180 |   277 |   344 ||   801
         Shatter           |       |       |       |       |       |       |       |    19 |    73 ||    92
         Ignition          |       |       |       |       |       |       |       |       |     2 ||     2
         Apportation       |       |       |       |       |       |       |       |       |     1 ||     1
  Evoke: Wand              |       |       |       |       |    11 |       |       |     3 |     1 ||    15
         Lightning rod     |       |       |       |       |       |     3 |     2 |       |       ||     5
         Phial of floods   |       |       |       |       |       |     1 |       |     1 |       ||     2
    Use: Scroll            |     6 |     4 |    10 |     4 |    11 |     4 |     7 |    11 |     5 ||    62
         Potion            |       |       |     1 |     1 |       |     2 |     6 |    18 |     8 ||    36
   Stab: Sleeping          |       |       |       |     1 |     3 |     2 |       |       |       ||     6
         Distracted        |       |       |       |       |     2 |       |       |       |       ||     2
 Armour: Robe              |     7 |    15 |    29 |    68 |       |       |       |       |       ||   119
         Animal skin       |       |       |       |    73 |   186 |   108 |   129 |   164 |   146 ||   806
  Dodge: Dodged            |    19 |    35 |    46 |   171 |   221 |    97 |   154 |   139 |   132 ||  1014
  Block: Buckler           |       |       |       |       |    49 |    42 |   112 |   101 |    91 ||   395
         Reflection        |       |       |       |       |       |    12 |    42 |     8 |     7 ||    69
